 Dungeon Crawl Stone Soup version 0.23.2-1-ga50397a6bc (webtiles) character file.

Game seed: 7116031086576695048

144 Gargoyl the Skirmisher (level 5, -2/46 HPs)
             Began as a Centaur Abyssal Knight on May 3, 2019.
             Was a Follower of Lugonu.
             Killed by divine providence
             ... invoked by an orc priest
              (12 damage)
             ... on level 3 of the Dungeon.
             The game lasted 00:03:40 (2261 turns).

Gargoyl the Skirmisher (Centaur Abyssal Knight)     Turns: 2261, Time: 00:03:41

Health: -2/46      AC:  9    Str: 15    XL:     5   Next: 5%
Magic:  7/7        EV:  2    Int: 11    God:    Lugonu [*.....]
Gold:   112        SH:  0    Dex:  9    Spells: 4/4 levels left

rFire    . . .     SeeInvis .   a - +1 hand axe
rCold    . . .     Gourm    .   (no shield)
rNeg     . . .     Faith    .   e - +0 plate armour (curse)
rPois    .         Spirit   .   (no helmet)
rElec    .         Reflect  .   (no cloak)
rCorr    .         Harm     .   (no gloves)
MR       .....                  (no barding)
Stlth    ..........             (no amulet)
HPRegen  0.15/turn              (no ring)
MPRegen  0.10/turn              (no ring)

@: very quick
A: large, hooves 3, deformed body, speed 2, tough skin 3
a: Depart the Abyss, Renounce Religion


You were on level 3 of the Dungeon.
You worshipped Lugonu.
Lugonu was aware of your devotion.
You were not hungry.

You visited 1 branch of the dungeon, and saw 3 of its levels.
You visited the Abyss 1 time.

You collected 112 gold pieces.

Inventory:

Hand Weapons
 a - a +1 hand axe (weapon)
Armour
 e - a cursed +0 plate armour (worn)
Jewellery
 h - an uncursed ring of see invisible {unknown}
 i - an uncursed ring of magical power {unknown}
Scrolls
 b - 4 scrolls of teleportation {unknown}
 d - a scroll of amnesia {unknown}
 f - 2 scrolls of remove curse {unknown}
Potions
 g - 3 potions of curing {unknown}
 j - a potion of agility {unknown}
 k - a potion of magic {unknown}
Comestibles
 c - 4 rations


   Skills:
 + Level 3.7 Fighting
 + Level 2.5 Axes
 * Level 2.4 Armour
 * Level 1.4 Dodging
 * Level 2.7 Invocations


You had 4 spell levels left.
You didn't know any spells.
Your spell library was empty.

Dungeon Overview and Level Annotations

Branches:
Dungeon (3/15)

Altars:
Yredelemnul


Innate Abilities, Weirdness & Mutations

You have hooves in place of feet.
Armour fits poorly on your strangely shaped body.
You cover ground very quickly.
You have extremely tough skin. (AC +3)


Message History

You hit the orc priest but do no damage.
You hit the orc priest.
The orc priest invokes the aid of Beogh against you.
Pain shoots through your body!
The orc priest hits you with a +0 hand axe.
You hit the orc priest but do no damage.
You kick the orc priest, but do no damage.
You hit the orc priest but do no damage.
The orc priest hits you but does no damage.
The orc priest hits you with a +0 hand axe.
The orc priest hits you.
Unknown command.
You closely miss the orc priest.
The orc priest is severely wounded.
You hit the orc priest but do no damage.
The orc priest hits you with a +0 hand axe.
* * * LOW HITPOINT WARNING * * *
The orc priest mumbles some strange prayers to Beogh against you.
Beogh smites you!
You die...

.#... ..# .....# #.# #.#
...... #.##### #####.. .
......##...... .......#.
.......<...... .........
........#...... ....s ..#
###.....#........ ......#.#
###o..#............
l....s#.####o@)#.........##.##
.............#####..###.....#
.............## #..###..#..##
.........###..####...........#
.(....#......................#
..###..#.....#####..#.........
. ##....)..# ##...........
###.....# ##..........
##.....#######.##.#...##


You could see 2 orc priests.

Vanquished Creatures
  Jessica (D:2)
  Natasha (thrice) (D:2)
  An adder (D:2)
  A worm (D:2)
  2 orcs
  4 giant cockroaches
  4 goblins
  5 hobgoblins
  A quokka (D:2)
  5 bats
  2 kobolds (D:2)
  6 rats
35 creatures vanquished.

Notes
Turn   | Place    | Note
-------+----------+-------------------------------------------
     0 | Abyss:1  | Gargoyl the Centaur Abyssal Knight began the quest for the
                  | Orb.
     0 | Abyss:1  | Reached XP level 1. HP: 19/19 MP: 2/2
    67 | Abyss:1  | Noticed a spatial vortex
   113 | Abyss:1  | Noticed an ancient zyme
   144 | Abyss:1  | Noticed a lich
   144 | Abyss:1  | Noticed a raiju
   148 | D:1      | Escaped the Abyss
   777 | D:2      | Reached XP level 2. HP: 26/26 MP: 3/3
   836 | D:2      | Reached * piety under Lugonu
   926 | D:2      | Noticed Natasha
   931 | D:2      | Killed Natasha
   931 | D:2      | Reached skill level 1 in Dodging
   931 | D:2      | Reached XP level 3. HP: 31/31 MP: 4/4
  1017 | D:2      | Found a basalt altar of Yredelemnul.
  1424 | D:2      | Noticed Natasha
  1430 | D:2      | Killed Natasha
  1430 | D:2      | Reached XP level 4. HP: 33/39 MP: 5/5
  1551 | D:2      | Noticed Jessica
  1555 | D:2      | Killed Jessica
  1579 | D:2      | Noticed Natasha
  1589 | D:2      | Killed Natasha
  1850 | D:2      | Reached XP level 5. HP: 10/46 MP: 7/7
  2261 | D:3      | Killed from afar by an orc priest

Skill      XL: |  1  2  3 |
---------------+----------+-----
Axes           | 2 |  2.5
Dodging        | 1 |  1.4
Armour         | 2 |  2.4
Fighting       | |  3.7
Invocations    | |  2.7

Action                   |  1- 3 |  4- 6 || total
-------------------------+-------+-------++-------
Melee: Hand axe          |    78 |    51 ||   129
       Kick              |    10 |     9 ||    19
Invok: Depart the Abyss  |     1 |       ||     1
  Use: Scroll            |     1 |       ||     1
  Eat: Chunk             |       |     3 ||     3
Armor: Plate armour      |    83 |    48 ||   131
Dodge: Dodged            |     6 |     3 ||     9
